Map: Ruins of Endion

Players

DarKLoVeR - Winner!

  • Race: Zerg Zerg
  • League: Grandmaster

Pokebunny

  • Race: Terran Terran
  • League: Grandmaster

VOD

Have the link to the VOD?

Description

Time

  • Played on: April 7, 2016, 2:14 p.m.
  • Length: 5:53
Show
View Real Time Build Order
Export as new Build Order

DarKLoVeR Zerg - Winner!

Build Orders: Hatch First, Roach Nydus 

Get SALT Encoding   

  12  0:01  Drone  
  13  0:13  Overlord  
  13  0:17  Drone  
  14  0:31  Drone x2  
  17  0:35  Drone  
  17  0:52  Hatchery  
  17  0:55  Drone  
  17  0:58  Extractor  
  17  1:01  Drone  
  17  1:14  Spawning Pool  
  17  1:17  Drone  
  17  1:22  Drone  
  18  1:29  Drone  
  19  1:41  Overlord  
  19  2:01  Queen, Metabolic Boost  
  19  2:02  Zergling x2  
  19  2:05  Queen  
  19  2:06  Drone  
  25  2:11  Drone  
  25  2:13  Drone  
  27  2:16  Drone  
  28  2:23  Zergling x2  
  28  2:31  Drone  
  29  2:37  Extractor  
  29  2:41  Extractor  
  27  2:46  Drone  
  27  2:47  Lair  
  27  2:50  Extractor x2  
  28  2:53  Drone x2  
  28  2:55  Overlord  
  28  2:57  Drone  
  31  2:58  Drone  
  32  3:07  Drone  
  32  3:10  Drone  
  34  3:16  Drone  
  34  3:18  Drone x3  
  34  3:19  Drone x3  
  41  3:28  Roach Warren  
  41  3:31  Drone  
  41  3:34  Drone  
  42  3:40  Overlord  
  42  3:50  Overlord  
  42  3:51  Overlord  
  41  4:00  Nydus Network  
  40  4:08  Roach x3  
  40  4:09  Roach x2  
  50  4:11  Roach  
  50  4:16  Roach  
  54  4:19  Roach  
  54  4:22  Glial Reconstitution  
  56  4:27  Roach x2  
  60  4:37  Roach x2  
  64  4:44  Overlord  
  64  4:45  Overlord  
  64  4:46  Nydus Canal  
  64  4:54  Overlord  
  64  5:06  Roach  
  66  5:08  Roach  
  66  5:12  Roach x3  
  66  5:13  Queen  
  76  5:24  Roach x3  
  82  5:30  Roach  
  82  5:32  Roach  
Show
View Real Time Build Order
Export as new Build Order

Pokebunny Terran 

Build Orders: Reaper Expand 

Get SALT Encoding   

  12  0:00  SCV  
  13  0:13  SCV  
  14  0:17  Supply Depot  
  14  0:25  SCV  
  15  0:39  SCV  
  15  0:40  Barracks  
  16  0:44  Refinery  
  16  0:51  SCV  
  17  1:03  SCV  
  18  1:15  SCV  
  19  1:28  Orbital Command  
  19  1:29  Reaper  
  20  1:40  Command Center  
  20  1:54  Supply Depot, SCV  
  21  2:01  Barracks Reactor  
  21  2:07  SCV  
  22  2:08  Barracks  
  22  2:16  Barracks  
  22  2:22  SCV  
  23  2:26  Refinery  
  23  2:34  SCV  
  24  2:43  Marine x2  
  26  2:46  SCV  
  27  2:52  Factory  
  27  2:54  Orbital Command  
  27  2:58  SCV  
  27  3:00  Barracks Tech Lab  
  27  3:03  Marine  
  27  3:05  Marine  
  30  3:08  Marine  
  31  3:17  SCV  
  31  3:18  Marine  
  33  3:22  SCV  
  33  3:24  Marine  
  33  3:26  Marine  
  36  3:30  Marine  
  36  3:33  SCV  
  38  3:37  Starport  
  38  3:40  Factory Reactor  
  38  3:41  Marine  
  38  3:43  SCV  
  40  3:54  Marine x2, SCV  
  40  3:55  SCV  
  44  3:56  Supply Depot, Marine  
  44  4:01  Marine  
  46  4:10  Supply Depot  
  46  4:18  SCV x2  
  46  4:20  Marine, Medivac x2  
  46  4:21  Marine  
  54  4:27  Supply Depot  
  54  4:30  Engineering Bay  
  54  4:32  Marine  
  54  4:33  Barracks Reactor  
  55  4:38  Factory Tech Lab  
  55  4:40  SCV x2  
  55  4:41  Refinery  
  58  4:52  SCV x2  
  58  4:58  Supply Depot  
  59  5:02  Siege Tank  
  62  5:13  Marine  
  62  5:14  Marine x2  
  64  5:15  Marine  
  53  5:29  Marine  
  53  5:31  Marine  
  53  5:32  Marine  
  53  5:33  Marine  
Tags
 
Add a new tag
Caveats
  • Supply blocks, unpowered buildings, or Contaminate may cause inaccurate times.
  • Supply counts are checked every 10 seconds.